 Dungeon Crawl Stone Soup version 0.30-a0-6-g7c9e10e132 (webtiles) character file.

Game seed: 8114074535463264900

41 Spectrina the Magician (level 3, -2/27 HPs)
             Began as a Djinni Venom Mage on Aug 22, 2022.
             Slain by a dart slug (3 damage)
             ... on level 1 of the Dungeon on Aug 23, 2022.
             The game lasted 00:07:41 (703 turns).

Spectrina the Magician (Djinni Venom Mage)           Turns: 703, Time: 00:07:41

Health: -2/27      AC:  2    Str:  7    XL:     3   Next: 75%
Gold:   91         EV: 12    Int: 18    God:
                   SH:  0    Dex: 13

rFire   + + +      SeeInvis .    (no weapon)
rCold   . . .      Faith    .    (no shield)
rNeg    . . .      Spirit   .    a - +0 robe
rPois   ∞          Reflect  .    (no helmet)
rElec   +          Harm     .    (no cloak)
rCorr   +          Rampage  .    (no gloves)
Will    .....                    (boots unavailable)
Stlth   ++........               (no amulet)
HPRegen 0.09/turn                (no ring)
MPRegen 0.00/turn                (no ring)

@: resistant, flying, very slightly contaminated
A: sickness immunity, fire resistance 2, cold vulnerability 1, float, innate
caster, HP casting, extra vitality 1
a: no special abilities


You were on level 1 of the Dungeon.
You visited 1 branch of the dungeon, and saw 3 of its levels.

You collected 91 gold pieces.

Inventory:

Missiles
 f - 4 atropa-tipped darts
Armour
 a - a +0 robe (worn)
Scrolls
 b - 3 scrolls of identify {unknown}
 c - a scroll of magic mapping {unknown}
 e - a scroll of blinking {unknown}


   Skills:
 + Level 1.0 Fighting
 + Level 2.6 Dodging
 + Level 1.9 Stealth
 * Level 2.8 Spellcasting
 + Level 0.9 Invocations


You couldn't memorise any spells.
You knew the following spells:

 Your Spells              Type           Power      Damage    Failure   Level
a - Sting                 Tmut/Pois      48%        1d5       5%          1
l - Mephitic Cloud        Conj/Pois/Air  12%        N/A       16%         3
p - Summon Small Mammal   Summ           48%        N/A       5%          1
q - Poisonous Vapours     Pois/Air       24%        N/A       8%          2
w - Olgreb's Toxic Radia  Pois           12%        N/A       45%         4
Your spell library was empty.

Dungeon Overview and Level Annotations

Branches:
Dungeon (3/15)

Altars:
Trog


Innate Abilities, Weirdness & Mutations

You are immune to sickness and miasma.
You are immune to poison.
Your flesh is very heat resistant. (rF++)
You are vulnerable to cold. (rC-)
You float through the air rather than walking.
You learn spells naturally, not from books.
Your magical power is your life essence.
You have superior vitality. (+4 MHP)


Message History

Unknown command.
Your rat disappears in a puff of smoke!
Your rat barely misses the goblin.
Unknown command.
Casting: Sting (safe; 5% risk of failure)
Confirm with . or Enter, or press ? or * to list all spells.
Aiming: Sting (safe; 5% risk of failure)
Press: ? - help, Shift-Dir - straight line, f - goblin
Aim: a goblin, wielding a +0 club (severely wounded, ally target, 64% to hit)
The sting hits the goblin.
The goblin is poisoned.
You kill the goblin!
* * * LOW HITPOINT WARNING * * *
The dart slug closely misses your rat.
Your rat bites the dart slug.
Unknown command.
Unknown command.
Casting: Sting (safe; 5% risk of failure)
Confirm with . or Enter, or press ? or * to list all spells.
You miscast Summon Small Mammal.
You are very lightly contaminated with residual magic.
Nothing appears to happen.
* * * LOW HITPOINT WARNING * * *
The dart slug launches a dart at you. The slug dart hits your rat.
Your rat dies!
Your rat's corpse disappears in a puff of smoke!
Unknown command.
It was a potion of resistance.
You feel protected.
Your magical contamination has completely faded away.
Casting: Summon Small Mammal (safe; 5% risk of failure)
Confirm with . or Enter, or press ? or * to list all spells.
Aiming: Sting (safe; 5% risk of failure)
Press: ? - help, Shift-Dir - straight line, f - dart slug
Aim: a dart slug (moderately wounded, 100% to hit)
You miscast Sting.
You are very lightly contaminated with residual magic.
Nothing appears to happen.
* * * LOW HITPOINT WARNING * * *
The dart slug bites you.
You die...

.. # . .#
#.#######.#.#####
#.........#.....####
#####...###.###....#
...................#
###.#.#............#
#.#.##.###...w#..#
#.#..........#@..#
#.#.#........#...#
#......#..#......#
#.#.+....§w......#
#.#.##.#w.)......#
#.# #..#..#.#...#
.[......)##..#
...#....#. ..#
..##...##.#. .#


You could see a dart slug.

Vanquished Creatures
  An adder (D:2)
  A worm (D:2)
  2 dart slugs
  An endoplasm (D:1)
  2 giant cockroaches (D:1)
  2 goblins
  2 hobgoblins
  A kobold (D:1)
  A quokka (D:2)
  4 ball pythons
  3 bats
  A frilled lizard (D:1)
  A rat (D:1)
22 creatures vanquished.

Vanquished Creatures (collateral kills)
  2 kobolds
  A rat (D:1)
3 creatures vanquished.

Grand Total: 25 creatures vanquished

Notes
Turn   | Place    | Note
-------+----------+-------------------------------------------
     0 | D:1      | Spectrina the Djinni Venom Mage began the quest for the
                  | Orb.
     0 | D:1      | Spectrina set off with the following spells memorised:
                  | Sting, Poisonous Vapours, Mephitic Cloud, Olgreb's Toxic
                  | Radiance.
     0 | D:1      | Reached XP level 1. HP: 15/15 MP: 0/0
   185 | D:2      | Reached XP level 2. HP: 9/22 MP: 0/0
   226 | D:2      | Found a bloodstained altar of Trog.
   346 | D:2      | Reached XP level 3. HP: 4/26 MP: 0/0
   346 | D:2      | Learned a level 1 spell: Summon Small Mammal
   403 | D:1      | HP: 1/26 [bat (1)]
   410 | D:1      | Reached skill level 1 in Fighting
   671 | D:1      | Found a faded altar of an unknown god.
   703 | D:1      | Slain by a dart slug

Illustrated notes

Levels and vault maps discovered:
D:1:      eino_arrival_cavern_e, layout_basic, hellmonk_ecumenical_altar_blasted
D:2:      minmay_recursive_quarters, layout_basic, basic_altar,
          minmay_misc_feat_more_columns, nicolae_hexahallways, minmay_bisected,
          uniq_robin
D:3:      layout_basic, trog_butcher_becter, nicolae_overflow_hidden_temple,
          uniq_terence

Skill      XL: |  1  2  3 |
---------------+----------+-----
Fighting       | 1 |  1.0
Dodging        | |  2.6
Stealth        | |  1.9
Spellcasting   | |  2.8
Invocations    | |  0.9

Action                   || total
-------------------------++-------
Melee: Unarmed           ||     4
 Cast: Sting             ||    38
       Summon Small Mamm ||     6
  Use: Potion            ||     2
Armor: Robe              ||     4
Dodge: Dodged            ||    19

Table legend: (Time is in decaauts)
 A = Elapsed time spent in this place.
 B = Non-inter-level travel time spent in this place.
 C = Inter-level travel time spent in this place.
 D = Time resting spent in this place.
 E = Time spent auto-exploring this place.
 F = Levels seen in this place.
 G = Mean time per level.
                   A        B        C        D        E       F      G
               +--------+--------+--------+--------+--------+-----+--------+
         Total |    715 |    701 |     14 |      0 |      0 |   3 |  238.3 |
       Dungeon |    715 |    701 |     14 |      0 |      0 |   3 |  238.3 |
               +--------+--------+--------+--------+--------+-----+--------+

Top non-repeatable levels by time:
     D:1: 403 daAuts
     D:2: 309 daAuts
     D:3: 2 daAuts
